 Dungeon Crawl Stone Soup version 0.28-b1-25-g9875b3fc8c (webtiles) character file.

Game seed: 17990463531806030419

2880 crazypyro the Grappler (level 9, -5/65 HPs)
             Began as a Demonspawn Fighter on Jan 31, 2022.
             Was a Follower of Trog.
             Slain by a large abomination (23 damage)
             ... on level 3 of the Abyss.
             The game lasted 00:09:56 (8118 turns).

crazypyro the Grappler (Demonspawn Fighter)         Turns: 8118, Time: 00:09:57

Health: -5/65      AC: 13    Str: 26    XL:     9   Next: 48%
Magic:  9/9        EV:  7    Int: 10    God:    Trog [*.....]
Gold:   261        SH:  0    Dex: 16    Spells: 8/8 levels left

rFire   . . .      SeeInvis .     - Unarmed
rCold   . . .      Faith    .   (no shield)
rNeg    . . .      Spirit   .   f - +0 plate armour
rPois   .          Reflect  .   (no helmet)
rElec   .          Harm     .   (no cloak)
rCorr   .          Rampage  .   (no gloves)
Will    .....                   (no boots)
Stlth   ..........              s - amulet of the acrobat
HPRegen 0.20/turn               d - ring "Ikhlogra" {Contam Str+6 Dex+3 Slay+2}
MPRegen 0.11/turn               (no ring)

@: no status effects
A: claws 2, icy blue scales 1, demonic guardian 2, ignite blood 1
a: Renounce Religion, Berserk


You were on level 3 of the Abyss.
You worshipped Trog.
Trog was aware of your devotion.
You visited 1 branch of the dungeon, and saw 8 of its levels.
You visited the Abyss 1 time.

You collected 261 gold pieces.

Inventory:

Hand Weapons
 a - a +0 rapier
 l - a +1 vorpal war axe
Armour
 b - a +0 scale mail
 c - a +0 buckler
 f - a +0 plate armour (worn)
 h - a +0 leather armour of fire resistance
Jewellery
 d - the ring "Ikhlogra" (left claw) {Contam Str+6 Dex+3 Slay+2}
   (You acquired it on level 6 of the Dungeon)

   [ring of strength]

   Str:       It affects your strength (+6).
   Dex:       It affects your dexterity (+3).
   Slay:      It affects your accuracy & damage with ranged weapons and melee
   (+2).
   Contam:    It causes magical contamination when unequipped.
 i - a ring of magical power
 k - a ring of wizardry
 r - a ring of fire
 s - an amulet of the acrobat (around neck)
 v - a ring of resist corrosion
Wands
 g - a wand of flame (41)
 x - a wand of iceblast (3)
Scrolls
 j - 2 scrolls of torment {unknown}
 n - 2 scrolls of teleportation
 p - 2 scrolls of magic mapping {unknown}
 w - 2 scrolls of identify
 y - a scroll of fear {unknown}
Potions
 e - 2 potions of flight
 m - a potion of ambrosia {unknown}
 o - a potion of degeneration {unknown}
 q - 2 potions of mutation {unknown}
 t - a potion of curing
 u - a potion of magic {unknown}


   Skills:
 - Level 4.0 Fighting
 - Level 3.0 Short Blades
 - Level 3.6 Armour
 - Level 3.6 Shields
 * Level 10.9 Unarmed Combat


You had 8 spell levels left.
You didn't know any spells.
Your spell library contained the following spells:

 Spells                   Type           Power      Damage    Failure   Level
 Animate Skeleton         Necr           0%         N/A       99%         1
 Pain                     Necr           0%         1d4       99%         1
 Ignite Poison            Fire/Tmut/Pois 0%         N/A       100%        3
 Mephitic Cloud           Conj/Pois/Air  0%         N/A       100%        3
 Portal Projectile        Hex/Tloc       0%         N/A       100%        3
 Vampiric Draining        Necr           0%         2d6       100%        3
 Blade Hands              Tmut           0%         N/A       100%        5
 Excruciating Wounds      Necr           0%         N/A       100%        5
 Freezing Cloud           Conj/Ice/Air   0%         6-21      100%        5


Dungeon Overview and Level Annotations

Branches:
Dungeon (9/15)               Lair (0/6) D:8
 Temple: D:4-7          Orc: D:9-12

Altars:
Cheibriados
Qazlal
Ru
Trog
Vehumet
Yredelemnul
Zin

Shops:
D:8 ?

Annotations:
D:9 Erolcha


Innate Abilities, Weirdness & Mutations

You have very sharp fingernails.
You are partially covered in icy blue scales. (AC +2)
A demonic guardian rushes to your aid.
Your demonic aura sometimes causes spilled blood to erupt in flames.


Message History

Tentacles burst from the starspawn's body! 2 starspawn tentacles come into view.
The tentacled starspawn completely misses you.
The tentacled starspawn closely misses you.
As you read the scroll of teleportation, it crumbles to dust.
You feel strangely unstable.
You feel the power of the Abyss delaying your translocation!
The tentacled starspawn bites you!!
* * * LOW HITPOINT WARNING * * *
A demonic guardian appears!
The tentacled starspawn tentacle-slaps you.
* * * LOW HITPOINT WARNING * * *
You swap places.
Something barely misses your ice devil. x2
Something bites your ice devil!!
Something tentacle-slaps your ice devil!!
The deep elf sorcerer mumbles some strange words.
The deep elf sorcerer seems to speed up.
The deep elf sorcerer gestures at you while chanting.
The bolt of acid hits your ice devil!!
Your ice devil dies!
Your ice devil disappears in a puff of smoke!
The bolt of acid misses you.
The deep elf sorcerer casts a spell at you.
You are cast deeper into the Abyss!
You plunge deeper into the Abyss.
The abyssal rune of Zot can be found at this depth.
A small abomination assembles itself!
You are suddenly pulled into a different region of the Abyss!
A large abomination comes into view.
A large abomination is nearby!
You are too injured to fight recklessly!
You are too injured to fight recklessly!
A large abomination is nearby!
A large abomination is nearby!
You are too injured to fight recklessly!
You are too injured to fight recklessly!
You claw the large abomination!
The large abomination is moderately damaged.
The large abomination hits you!!
You die...

..#.# # # #.#...
.# . .#....# ..
###. ..#...##. .
.# #...# ..
#..##.... .#
.##....##.##.#
.... #..#..#.#
#.....#X@.# #
........#.#...#
#..##...###.#..#
##....... .# ..#
.... ... ## .#
#.#.....#X# .# #
#.##.# .. . .# .
##..


You could see a large abomination.

Vanquished Creatures
  Sigmund (D:2)
  2 wyverns (D:8)
  2 water moccasins
  2 orc warriors (D:8)
  An ice beast (Abyss:2)
  2 sky beasts (D:3)
  A black bear (D:6)
  2 hornet zombies
  A necrophage (D:7)
  A kobold brigand (D:8)
  3 bullfrogs
  2 scorpions
  A gnoll sergeant (D:6)
  A wyvern zombie (D:6)
  2 small abominations (Abyss:2)
  2 howler monkeys (D:8)
  2 centaur zombies (D:8)
  A hound (D:4)
  2 jellies (D:7)
  3 orc wizards
  3 iguanas
  A killer bee zombie (D:8)
  5 howler monkey zombies
  3 gnolls (D:6)
  3 adders (D:3)
  2 worms
  5 dart slugs
  19 orcs
  5 endoplasms
  6 giant cockroaches
  5 goblins
  6 hobgoblins
  4 jackals (D:1)
  10 kobolds
  4 quokkas
  6 ball pythons
  5 frilled lizards
  10 rats
136 creatures vanquished.

Vanquished Creatures (collateral kills)
  Joseph (D:8)
  A killer bee zombie (D:8)
  An endoplasm (D:3)
3 creatures vanquished.

Vanquished Creatures (others)
  2 starspawn tentacles (Abyss:2)
2 creatures vanquished.

Grand Total: 141 creatures vanquished

Notes
Turn   | Place    | Note
-------+----------+-------------------------------------------
     0 | D:1      | crazypyro the Demonspawn Fighter began the quest for the
                  | Orb.
     0 | D:1      | Reached XP level 1. HP: 18/18 MP: 1/1
   266 | D:1      | Gained mutation: A weak demonic guardian rushes to your
                  | aid. [demonic ancestry]
   266 | D:1      | Reached XP level 2. HP: 24/24 MP: 2/2
   956 | D:1      | Gained mutation: Your demonic aura sometimes causes spilled
                  | blood to erupt in flames. [demonic ancestry]
   956 | D:1      | Reached XP level 3. HP: 27/29 MP: 3/3
  1437 | D:2      | Noticed Sigmund
  1443 | D:2      | Killed Sigmund
  1444 | D:2      | Gained mutation: You have sharp fingernails. [demonic
                  | ancestry]
  1444 | D:2      | Reached XP level 4. HP: 24/37 MP: 4/4
  1444 | D:2      | Gained mutation: You have very sharp fingernails. [demonic
                  | ancestry]
  1444 | D:2      | Reached XP level 5. HP: 28/42 MP: 5/5
  2146 | D:2      | Found a snail-covered altar of Cheibriados.
  2563 | D:3      | Reached skill level 1 in Unarmed Combat
  3267 | D:3      | Found a faded altar of an unknown god.
  3523 | D:3      | Found a stormy altar of Qazlal.
  3559 | D:3      | Noticed a sky beast
  3577 | D:3      | Killed a sky beast
  3578 | D:3      | Reached skill level 2 in Unarmed Combat
  3578 | D:3      | Gained mutation: You are partially covered in icy blue
                  | scales. (AC +2) [demonic ancestry]
  3578 | D:3      | Reached XP level 6. HP: 12/48 MP: 6/6
  3579 | D:3      | Noticed a sky beast
  3635 | D:3      | Reached skill level 3 in Unarmed Combat
  3855 | D:3      | Killed a sky beast
  4086 | D:4      | Reached skill level 4 in Unarmed Combat
  4094 | D:4      | Reached XP level 7. HP: 41/54 MP: 7/7
  4264 | D:4      | You fall into a shaft and drop 2 floors!
  4295 | D:6      | Reached skill level 5 in Unarmed Combat
  4529 | D:6      | Identified a scroll of acquirement
  4529 | D:6      | Acquired the ring "Ikhlogra" {Contam Str+6 Dex+3 Slay+2}
  4616 | D:6      | Reached skill level 6 in Unarmed Combat
  4969 | D:6      | Found a bloodstained altar of Trog.
  5125 | D:6      | Reached XP level 8. HP: 43/60 MP: 8/8
  5677 | D:6      | Became a worshipper of Trog the Wrathful
  5704 | D:7      | Reached skill level 7 in Unarmed Combat
  5825 | D:7      | Found a radiant altar of Vehumet.
  6286 | D:7      | Reached skill level 8 in Unarmed Combat
  6491 | D:8      | Reached skill level 9 in Unarmed Combat
  6510 | D:8      | Found a staircase to the Lair.
  6554 | D:8      | Found a sacrificial altar of Ru.
  6554 | D:8      | HP: 1/60 [orc warrior (6)]
  6885 | D:8      | Reached * piety under Trog
  6895 | D:8      | Gained mutation: A demonic guardian rushes to your aid.
                  | [demonic ancestry]
  6895 | D:8      | Reached XP level 9. HP: 51/65 MP: 9/9
  6979 | D:8      | Reached skill level 10 in Unarmed Combat
  7359 | D:8      | Noticed Joseph
  7369 | D:8      | Killed Joseph
  7731 | D:8      | Found Seytt's Magic Scroll Boutique.
  7870 | D:8      | Found a basalt altar of Yredelemnul.
  7947 | D:9      | Noticed Erolcha
  7947 | D:9      | Cast into level 2 of the Abyss (Erolcha)
  7956 | Abyss:2  | Found a sparkling altar of Nemelex Xobeh.
  8056 | Abyss:2  | Noticed a tentacled starspawn
  8057 | Abyss:2  | Noticed a green very ugly thing
  8057 | Abyss:2  | Noticed a deep elf sorcerer
  8118 | Abyss:3  | Slain by a large abomination

Illustrated notes

Levels and vault maps discovered:
D:1:      lightli_arrival_farm, layout_basic, chequers_serial_rivers_micro_e
D:2:      layout_loops_corners, basic_altar, kennysheep_generic_room_12,
          uniq_sigmund
D:3:      layout_loops_corners, mainiacjoe_overflow_paths,
          nicolae_ecumenical_lake_church, minmay_distorted
D:4:      layout_loops_cross, minmay_manual_mullet
D:6:      layout_loops_cross, mainiacjoe_overflow_alcove_1,
          mainiacjoe_overflow_brackets
D:7:      layout_basic, vehumet_altar_wand_db
D:8:      layout_rooms, nicolae_yredelemnul_corpse_copse, kennysheep_mini_moat,
          lair_entry_dummy, serial_shops, shop_statue, kennysheep_small_circle,
          uniq_joseph
D:9:      layout_basic, mainiacjoe_overflow_cross_hatched,
          lemuel_blue_sif_altar, kennysheep_decorative_pillar, minmay_holes,
          uniq_grum, uniq_erolcha
Abyss:3:  base: Temple, evilmike_abyss_exit_vortex, evilmike_abyss_exit_kraken,
          nicolae_abyss_rune_star_stuff

Skill      XL: |  1  2  3  4  5  6  7  8  9 |
---------------+----------------------------+-----
Short Blades   | 2 3 |  3.0
Armour         | 3 |  3.6
Shields        | 3 |  3.6
Fighting       | 4 |  4.0
Unarmed Combat | 2 4 6 9 10 | 10.9

Action                   |  1- 3 |  4- 6 |  7- 9 || total
-------------------------+-------+-------+-------++-------
Melee: Rapier            |    83 |    48 |       ||   131
       Unarmed           |       |   114 |   207 ||   321
       Punch             |       |     2 |    11 ||    13
  Use: Scroll            |     1 |     3 |     3 ||     7
       Potion            |       |       |     5 ||     5
Armor: Plate armour      |    29 |   103 |   100 ||   232
       Scale mail        |     3 |       |       ||     3
Dodge: Dodged            |    16 |    34 |    91 ||   141
Block: Buckler           |    14 |     2 |       ||    16
